 Seeded DCSS version 0.28-a0-1567-g1695149f81 (webtiles) character file.

Game seed: 641 (custom seed)

303 knot the Chopper (level 6, 0/47 HPs)
             Began as a Demonspawn Berserker on Jan 20, 2022.
             Was a Believer of Trog.
             Slain by an orc wizard (2 damage)
             ... on level 4 of the Dungeon.
             The game lasted 00:04:35 (4513 turns).

knot the Chopper (Demonspawn Berserker)             Turns: 4513, Time: 00:04:36

Health: 0/47       AC:  2    Str: 17    XL:     6   Next: 15%
Magic:  6/6        EV: 12    Int: 10    God:    Trog [**....]
Gold:   166        SH:  0    Dex: 19    Spells: 5/5 levels left

rFire   . . .      SeeInvis .   q - +10 club
rCold   . . .      Faith    .   (no shield)
rNeg    . . .      Spirit   .   b - +0 animal skin
rPois   .          Reflect  .   (no helmet)
rElec   .          Harm     .   (no cloak)
rCorr   .          Rampage  .   (no gloves)
Will    ++...                   (no boots)
Stlth   ++........              (no amulet)
HPRegen 1.15/turn               n - +6 ring of dexterity
MPRegen 0.10/turn               (no ring)

@: strong-willed, attractive, regenerating, hasted, invisible, very quick
A: powered by death 1
a: Renounce Religion, Berserk, Trog's Hand


You were on level 4 of the Dungeon.
You worshipped Trog.
Trog was pleased with you.
You visited 1 branch of the dungeon, and saw 4 of its levels.

You collected 166 gold pieces.

Inventory:

Hand Weapons
 a - a +0 hand axe
 q - a +10 club (weapon)
Missiles
 g - 28 stones (quivered)
 i - 2 atropa-tipped darts
 j - 4 poisoned darts
 r - 25 sling bullets
Armour
 b - a +0 animal skin (worn)
Jewellery
 n - a +6 ring of dexterity (left hand)
Scrolls
 c - 2 scrolls of identify {unknown}
 d - 2 scrolls of immolation {unknown}
 e - a scroll of enchant weapon {unknown}
 h - a scroll of magic mapping {unknown}
 l - a scroll of amnesia {unknown}
 s - a scroll of teleportation {unknown}
 t - a scroll of fear {unknown}
Potions
 f - a potion of invisibility
 m - a potion of heal wounds {unknown}


   Skills:
 - Level 3.0 Fighting
 + Level 6.3 Axes
 - Level 1.7 Armour
 - Level 1.7 Dodging


You had 5 spell levels left.
You didn't know any spells.
Your spell library contained the following spells:

 Spells                   Type           Power      Damage    Failure   Level
 Call Canine Familiar     Summ           0%         N/A       75%         3
 Portal Projectile        Hex/Tloc       0%         N/A       75%         3
 Leda's Liquefaction      Hex/Erth       0%         N/A       98%         4


Dungeon Overview and Level Annotations

Branches:
Dungeon (4/15)
 Temple: D:4-7

Altars:
Qazlal


Innate Abilities, Weirdness & Mutations

You regenerate a little health from kills.


Message History

The orc is heavily wounded.
The orc hits you with a +0 hand axe.
* * * LOW HITPOINT WARNING * * *
You barely miss the orc.
The orc is heavily wounded.
You hear some strange, mumbled words.
The orc resists with significant effort.
The orc barely misses you.
You catch the helpless orc completely off-guard!
You hit the orc.
You kill the orc!
Trog accepts your kill. Something is attracted toward you.
Something is attracted toward you.
There is a stone staircase leading up here.
You climb upwards.
Reactivating autopickup.
There is a stone staircase leading down here.
You start resting.
Something is attracted toward you. Something hits you.
* * * LOW HITPOINT WARNING * * *
Deactivating autopickup; reactivate with Ctrl-A.
You climb downwards.
Reactivating autopickup.
There is a stone staircase leading up here.
Deactivating autopickup; reactivate with Ctrl-A.
You miss something. You closely miss something. You hit something.
You hear some strange, mumbled words.
A magic dart appears from out of thin air!
The magic dart hits you.
* * * LOW HITPOINT WARNING * * *
Okay, then.
Okay, then.
Something is attracted toward you.
Your skin crawls.
You feel strong-willed. Something hits you.
You die...

# ###### ##. #.# ...... #.. #.#
.... ..# #.# ###..# ## #.#
#.###########.)..# #. #.#
#.#...##...##))[.# ##
#.###.......@...[.#.$#
#..##............##.....
#........[§......# .......
##.##...))..[.....# #######
###..####....[.....########.####
##...## ###...##................#
....)####........####.######.##.#
...).#....###....# #...# #.##÷.
....)).#### #....## ###.####.####


There were no monsters in sight!

Vanquished Creatures
  A gnoll shaman (D:4)
  An orc priest (D:3)
  Ijyb (D:4)
  2 orc wizards
  3 adders (D:2)
  5 gnolls (D:4)
  An ufetubus (D:4)
  A dart slug (D:2)
  13 orcs
  3 bats
  8 endoplasms
  5 giant cockroaches
  3 goblins
  5 hobgoblins
  A jackal (D:4)
  6 kobolds
  2 quokkas
  8 ball pythons
  3 frilled lizards
  3 rats
75 creatures vanquished.

Notes
Turn   | Place    | Note
-------+----------+-------------------------------------------
     0 | D:1      | knot the Demonspawn Berserker began the quest for the Orb.
     0 | D:1      | Reached XP level 1. HP: 18/18 MP: 1/1
   163 | D:1      | Reached skill level 3 in Axes
   332 | D:1      | Gained mutation: You regenerate a little health from kills.
                  | [demonic ancestry]
   332 | D:1      | Reached XP level 2. HP: 24/24 MP: 2/2
   589 | D:1      | Found a faded altar of an unknown god.
  1515 | D:2      | Reached XP level 3. HP: 9/29 MP: 3/3
  1806 | D:2      | Reached skill level 4 in Axes
  2636 | D:2      | Reached ** piety under Trog
  2712 | D:2      | Reached XP level 4. HP: 33/35 MP: 4/4
  3139 | D:3      | Found a stormy altar of Qazlal.
  3383 | D:3      | Reached skill level 5 in Axes
  3386 | D:3      | Reached XP level 5. HP: 37/41 MP: 5/5
  3923 | D:4      | Noticed Ijyb
  3936 | D:4      | Killed Ijyb
  4208 | D:4      | Reached skill level 6 in Axes
  4354 | D:4      | Reached XP level 6. HP: 39/47 MP: 6/6
  4510 | D:4      | HP: 1/47 [something/magic dart (4)]
  4513 | D:4      | Slain by an orc wizard

Illustrated notes

Levels and vault maps discovered:
D:1:      dpeg_arrival_round_b, layout_loops_corners,
          hellmonk_ecumenical_altar_heavens_door
D:2:      layout_loops_ring
D:3:      layout_rooms, nicolae_qazlal_eye_of_the_storm,
          hangedman_feature_mirror
D:4:      layout_rooms, mainiacjoe_overflow_small_starburst,
          minmay_temple_entry_large_hall, kennysheep_generic_room_6,
          uniq_grinder, uniq_ijyb

Skill      XL: |  1  2  3  4  5 |
---------------+----------------+-----
Axes           | 3 4 5 6 |  6.3
Fighting       | |  3.0
Armour         | |  1.7
Dodging        | |  1.7

Action                   |  1- 3 |  4- 6 || total
-------------------------+-------+-------++-------
Melee: Hand axe          |   102 |    72 ||   174
       Club              |       |    36 ||    36
Throw: Stone             |       |     2 ||     2
Invok: Berserk           |     3 |     4 ||     7
       Trog's Hand       |       |     2 ||     2
Evoke: Wand              |       |     3 ||     3
  Use: Potion            |       |     3 ||     3
 Stab: Sleeping          |     2 |     2 ||     4
       Invisible         |       |     1 ||     1
Armor: Animal skin       |    13 |    17 ||    30
Dodge: Dodged            |    67 |    65 ||   132

Table legend: (Time is in decaauts)
 A = Elapsed time spent in this place.
 B = Non-inter-level travel time spent in this place.
 C = Inter-level travel time spent in this place.
 D = Time resting spent in this place.
 E = Time spent auto-exploring this place.
 F = Levels seen in this place.
 G = Mean time per level.
                   A        B        C        D        E       F      G
               +--------+--------+--------+--------+--------+-----+--------+
         Total |   4592 |   4523 |     69 |   1354 |   2657 |   4 | 1148.0 |
       Dungeon |   4592 |   4523 |     69 |   1354 |   2657 |   4 | 1148.0 |
               +--------+--------+--------+--------+--------+-----+--------+

Top non-repeatable levels by time:
     D:1: 1490 daAuts
     D:2: 1355 daAuts
     D:3: 1057 daAuts
     D:4: 688 daAuts
